 Dungeon Crawl Stone Soup version 0.28.0-53-g5a82cb258f (webtiles) character file.

Game seed: 12233962095742431383

3 Nyth the Skirmisher (level 1, -1/20 HPs)
             Began as a Minotaur Berserker on Aug 9, 2022.
             Was a Follower of Trog.
             Frozen to death by an endoplasm (5 damage)
             ... on level 1 of the Dungeon.
             The game lasted 00:00:47 (167 turns).

Nyth the Skirmisher (Minotaur Berserker)             Turns: 167, Time: 00:00:48

Health: -1/20      AC:  2    Str: 21    XL:     1   Next: 41%
Magic:  0/0        EV: 12    Int:  4    God:    Trog [*.....]
Gold:   9          SH:  0    Dex:  9    Spells: 0/0 levels left

rFire   . . .      SeeInvis .   a - +0 mace
rCold   . . .      Faith    .   (no shield)
rNeg    . . .      Spirit   .   c - +0 robe
rPois   .          Reflect  .   (helmet restricted)
rElec   .          Harm     .   (no cloak)
rCorr   .          Rampage  .   (no gloves)
Will    .....                   (no boots)
Stlth   +.........              (no amulet)
HPRegen 0.06/turn               (no ring)
MPRegen 0.07/turn               (no ring)

@: no status effects
A: horns 2, retaliatory headbutt
a: Renounce Religion, Berserk


You were on level 1 of the Dungeon.
You worshipped Trog.
Trog was aware of your devotion.
You visited 1 branch of the dungeon, and saw 1 of its levels.

You collected 9 gold pieces.

Inventory:

Hand Weapons
 a - a +0 mace (weapon)
Armour
 b - a +0 animal skin
 c - a +0 robe (worn)
Scrolls
 d - a scroll of fear {unknown}


   Skills:
 + Level 3.8 Fighting
 + Level 3.7 Maces & Flails
 + Level 2.4 Armour
 + Level 2.2 Dodging


You couldn't memorise any spells.
You didn't know any spells.
Your spell library contained the following spells:

 Spells                   Type           Power      Damage    Failure   Level
 Slow                     Hex            0%         N/A       50%         1


Dungeon Overview and Level Annotations

Branches:
Dungeon (1/15)

Altars:

Shops:
D:1 [


Innate Abilities, Weirdness & Mutations

You have a pair of horns on your head.
You reflexively headbutt those who attack you in melee.


Message History

A frilled lizard comes into view.
There are monsters nearby!
The endoplasm quivers.
The hobgoblin barely misses you.
There are monsters nearby!
You sock the hobgoblin!
You kill the hobgoblin!
Trog accepts your kill. The endoplasm freezes you.
You are frozen.
There are monsters nearby!
You barely miss the endoplasm. The frilled lizard barely misses you.
The endoplasm freezes you.
You are frozen.
The frilled lizard bites you.
There are monsters nearby!
You hit the endoplasm.
The endoplasm is severely wounded.
The endoplasm hits you. The frilled lizard bites you.
You are too injured to fight recklessly!
You are too injured to fight recklessly!
There are monsters nearby!
You are too injured to fight recklessly!
You are too injured to fight recklessly!
You are too injured to fight recklessly!
Unknown command.
You are too injured to fight recklessly!
You are too injured to fight recklessly!
You barely miss the frilled lizard. Your punch misses the frilled lizard.
The endoplasm freezes you.
You are frozen.
The frilled lizard bites you.
You sock the frilled lizard!
You kill the frilled lizard!
Trog accepts your kill. The frilled lizard barely misses you.
The endoplasm misses you. The frilled lizard bites you.
* * * LOW HITPOINT WARNING * * *
You barely miss the frilled lizard. The endoplasm freezes you.
You are frozen.
You die...

$..# ## ...# . ..# . ...
..# ### #.####.### ..
... ..... ###
#.####.###### ..####
#.#....l@J..# ....(#
#.##.#.#.†.....# .....#
#.##.#.#.....!.#
.....####.##.#.#.......#
.....##......#l#.......#
#.##......####>#.......#
#.##......# #.#.......#
#.##......# #.#.......#
#.###.....#


You could see an endoplasm and a frilled lizard.

Vanquished Creatures
  A hobgoblin (D:1)
  A bat (D:1)
  2 frilled lizards (D:1)
4 creatures vanquished.

Vanquished Creatures (others)
  A fungus (D:1)
  2 plants (D:1)
3 creatures vanquished.

Grand Total: 7 creatures vanquished

Notes
Turn   | Place    | Note
-------+----------+-------------------------------------------
     0 | D:1      | Nyth the Minotaur Berserker began the quest for the Orb.
     0 | D:1      | Reached XP level 1. HP: 19/19 MP: 0/0
     8 | D:1      | Found Oraz's Antique Armour Shoppe.
   110 | D:1      | Found a faded altar of an unknown god.
   125 | D:1      | Got Plato's Handbook of Execration
   167 | D:1      | Frozen to death by an endoplasm

Illustrated notes

Levels and vault maps discovered:
D:1:      lightli_molten_gateway, layout_basic,
          shapermc_ecumenical_altar_rom_forum, serial_shops,
          nicolae_diamond_shop, nicolae_shop_trees, shop,
          nicolae_shop_behind_doors, shop

Action                   || total
-------------------------++-------
Melee: Mace              ||    11
Armor: Robe              ||     7
Dodge: Dodged            ||     8
